 Dungeon Crawl Stone Soup version 0.30.0-10-gfe55d96785 (webtiles) character file.

Game seed: 3142983095203282762

233 Spectrina the Trooper (level 6, 0/49 HPs)
             Began as a Human Monk on May 15, 2023.
             Was a Believer of Elyvilon.
             Slain by an orc
             ... wielding a +0 whip
              (1 damage)
             ... on level 3 of the Dungeon.
             The game lasted 00:13:48 (1573 turns).

Spectrina the Trooper (Human Monk)                  Turns: 1573, Time: 00:13:48

Health: 0/49       AC:  3    Str: 11    XL:     6   Next: 25%
Magic:  5/7        EV: 13    Int: 11    God:    Elyvilon [**....]
Gold:   231        SH:  0    Dex: 17    Spells: 5/5 levels left

rFire   . . .        e - +3 short sword
rCold   . . .        d - orb {light}
rNeg    . . .        b - +0 robe
rPois   .            (no helmet)
rElec   .            i - +0 cloak
rCorr   .            (no gloves)
SInv    +            (no boots)
Will    .....        r - amulet of faith
Stlth   +            f - ring of see invisible
HPRegen 0.28/turn    (no ring)
MPRegen 0.10/turn

%: faith
@: attractive, hasted, glowing, very quick
A: no striking features
a: Renounce Religion, Purification, Heal Other


You were on level 3 of the Dungeon.
You worshipped Elyvilon.
Elyvilon was pleased with you.
You visited 1 branch of the dungeon, and saw 5 of its levels.

You collected 231 gold pieces.

Inventory:

Hand Weapons
 a - a +0 mace
 e - a +3 short sword (weapon)
 n - a +0 sling
 C - a +1 war axe of freezing
Missiles
 t - 3 boomerangs of dispersal
Armour
 b - a +0 robe (worn)
 d - an orb of light (worn)
 i - a +0 cloak (worn)
 x - an orb of guile
Jewellery
 f - a ring of see invisible (left hand)
 r - an amulet of faith (around neck)
Scrolls
 c - 5 scrolls of identify {unknown}
 g - a scroll of fog {unknown}
 j - a scroll of immolation {unknown}
 m - a scroll of acquirement {unknown}
 o - a scroll of enchant weapon {unknown}
 u - a scroll of fear {unknown}
 v - a scroll of magic mapping {unknown}
 w - 2 scrolls of teleportation {unknown}
 y - 2 scrolls of poison {unknown}
 A - a scroll of noise {unknown}
 B - a scroll of vulnerability {unknown}
Potions
 h - 2 potions of lignification {unknown}
 k - a potion of attraction
 p - a potion of heal wounds {unknown}
 q - a potion of mutation {unknown}
 s - a potion of invisibility {unknown}


   Skills:
 + Level 4.7 Fighting
 - Level 3.0 Maces & Flails
 + Level 3.8 Dodging
 + Level 2.5 Stealth
 * Level 2.4 Invocations


You had 5 spell levels left.
You didn't know any spells.
Your spell library contained the following spells:

 Spells                   Type           Power      Damage    Failure   Level
 Manifold Assault         Tloc           0%         N/A       98%         4
 Dispersal                Tloc           0%         N/A       100%        6
 Disjunction              Tloc           0%         N/A       100%        8


Dungeon Overview and Level Annotations

Branches:
Dungeon (5/15)
 Temple: D:4-7

Altars:
Elyvilon
Yredelemnul
Zin


Message History

The orc barely misses the orc priest.
Unknown command.
It was a potion of curing.
You feel better. The orc barely misses you.
The orc priest hits the orc but does no damage.
The orc hits you with a +0 club.
The orc hits the orc priest with a +0 club.
Unknown command.
You hit the orc.
You kill the orc!
The orc hits you but does no damage.
The orc hits the orc priest with a +0 club.
Unknown command.
You barely miss the orc priest.
The orc priest is heavily wounded.
The orc misses you.
The orc priest mumbles some strange prayers to Beogh against you.
Beogh smites you!
* * * LOW HITPOINT WARNING * * *
The orc hits the orc priest with a +0 club.
Unknown command.
It was a potion of attraction.
You feel attractive to monsters. The orc misses you. The orc priest misses you.
The orc hits the orc priest with a +0 club.
Unknown command.
You hit the orc priest.
The orc priest is almost dead.
The orc hits you with a +0 whip.
* * * LOW HITPOINT WARNING * * *
The orc priest mumbles some strange prayers to Beogh against you.
Beogh smites you!
* * * LOW HITPOINT WARNING * * *
The orc completely misses the orc priest.
Unknown command.
Unknown command.
Unknown command.
Okay, then.
It was a potion of haste.
You feel yourself speed up. The orc hits you with a +0 whip.
You die...

##..# .# .......... ....#
# ### #..o.... #...#
.###....##.....
.#.###.............#
...... #........o# ###....
....#####.# .....# #...#
#)#
###.†#####.#.#####.#######
.....##....#.##.@o.......#
................oo.......#
........####..#..........#
.........# ##.#..........#
.)....##.## #....#########
##..#.##..######.#
........#...†.##.#
.##..#...####.##.## .
........<.......###


You could see an orc priest, an orc and a neutral orc (distracted).

Vanquished Creatures
  An orc priest (D:3)
  An iguana (D:4)
  An orc wizard (D:4)
  Robin (D:1)
  4 adders
  A worm (D:3)
  2 dart slugs (D:2)
  7 orcs
  7 endoplasms
  2 giant cockroaches (D:2)
  11 goblins
  11 hobgoblins
  4 jackals (D:2)
  7 kobolds
  5 quokkas
  7 ball pythons
  6 bats
  2 frilled lizards
  7 rats
87 creatures vanquished.

Notes
Turn   | Place    | Note
-------+----------+-------------------------------------------
     0 | D:1      | Spectrina the Human Monk began the quest for the Orb.
     0 | D:1      | Reached XP level 1. HP: 18/18 MP: 1/1
    67 | D:2      | Noticed Robin
    78 | D:1      | Killed Robin
    79 | D:1      | Reached XP level 2. HP: 25/25 MP: 2/2
    87 | D:1      | Reached skill level 4 in Fighting
    87 | D:1      | Reached XP level 3. HP: 18/30 MP: 3/3
   173 | D:1      | You fall into a shaft and drop 1 floor!
   380 | D:2      | Reached skill level 1 in Stealth
   422 | D:2      | Reached XP level 4. HP: 30/37 MP: 4/4
   739 | D:2      | Found a white marble altar of Elyvilon.
   747 | D:2      | Became a worshipper of Elyvilon the Healer
   747 | D:2      | Reached * piety under Elyvilon
   747 | D:2      | Reached ** piety under Elyvilon
   844 | D:3      | Reached XP level 5. HP: 32/43 MP: 5/5
   996 | D:3      | Found a glowing silver altar of Zin.
  1072 | D:5      | Entered Level 5 of the Dungeon
  1101 | D:4      | Found a basalt altar of Yredelemnul.
  1153 | D:4      | Reached skill level 1 in Invocations
  1349 | D:4      | Noticed a phantom
  1432 | D:3      | Reached XP level 6. HP: 47/49 MP: 7/7
  1572 | D:3      | HP: 1/49 [orc priest/divine providence (9)]
  1573 | D:3      | Slain by an orc

Illustrated notes

Levels and vault maps discovered:
D:1:      minmay_arrival_semitransparent, layout_basic, grunt_decor_junction,
          st_stairs_3, grunt_decor_cap, minmay_stone_trees_medium, minivault_19
D:2:      layout_rooms, basic_altar, nicolae_eternal_life, uniq_robin
D:3:      layout_rooms, zin_scriptorium
D:4:      layout_loops_ring, mainiacjoe_overflow_24_doors,
          minmay_temple_entry_enclosed_plants, chequers_big_river,
          minmay_misc_feat_hallway
D:5:      layout_rooms, nicolae_hepliaklqana_hippocampus,
          overflow_temple_1_default, led_sif_pool, nicolae_shop_gadgets,
          uniq_crazy_yiuf_cottage

Skill      XL: |  1  2  3  4  5 |
---------------+----------------+-----
Fighting       | 4 |  4.7
Stealth        | 1 2 |  2.5
Invocations    | 2 |  2.4
Maces & Flails | |  3.0
Dodging        | |  3.8

Action                     |  1- 3 |  4- 6 || total
---------------------------+-------+-------++-------
  Melee: Short sword       |    70 |   217 ||   287
         Mace              |     4 |       ||     4
   Fire: Sling             |       |     2 ||     2
 Invoke: Heal Other        |       |     1 ||     1
    Use: Potion            |     1 |     3 ||     4
   Stab: Sleeping          |       |     1 ||     1
 Armour: Robe              |    10 |    52 ||    62
  Dodge: Dodged            |    49 |   141 ||   190
